[Event "Titled Tuesday Blitz September 27 Late 2022"]
[White "Bodnar, Nikolay"]
[Black "Pakleza, Zbigniew"]
[WhiteFideId "14106469"]
[BlackFideId "1119290"]
[WhiteElo "2283"]
[BlackElo "2411"]
[Result "0-1"]
[Round "05"]
[TimeControl "180+1"]
[Date "2022.09.28"]
[WhiteClock "0:00:06"]
[BlackClock "0:00:13"]

1. c4 c6 2. g3 d5 3. Bg2 Nf6 4. Nf3 Bf5 5. O-O e6 6. b3 Be7 7. Bb2 O-O 8. d3 h6 9. Nbd2 a5 10. a3 Na6 11. Qc2 Bh7 12. Rad1 Ne8 13. Rfe1 Bf6 14. Ne5 Qc7 15. Ndf3 Nd6 16. Qc1 Rfd8 17. cxd5 exd5 18. d4 Re8 19. Nd3 Qb6 20. Nc5 Rad8 21. Nxa6 Qxa6 22. Ne5 Qb6 23. Qc3 Nb5 24. Qd2 Qa6 25. e3 Nd6 26. Nd3 b6 27. f3 a4 28. b4 Nc4 29. Qc1 Rd6 30. Bf1 Qc8 31. Nf4 b5 32. Bc3 Bg5 33. Bg2 Bf5 34. h4 Bf6 35. g4 Bh7 36. Re2 Bxh4 37. Kh2 Bg5 38. Nh3 Bxe3 39. Qc2 Bg5 40. Rxe8+ Qxe8 41. Qf2 Bf6 42. Re1 Re6 43. Rxe6 Qxe6 44. Be1 Qe3 45. Qg3 Bg6 46. Bf2 Qe8 47. Nf4 Nxa3 48. Nxg6 fxg6 49. f4 Nc4 50. g5 hxg5 51. fxg5 Be7 52. Bh3 Bd6 0-1


[Site "https://www.chess.com"]

[Event "Titled Tuesday Blitz September 27 Late 2022"]
[White "Bortnyk, Olexandr"]
[Black "Bacrot, Etienne"]
[WhiteFideId "14120828"]
[BlackFideId "605506"]
[WhiteElo "2723"]
[BlackElo "2666"]
[Result "1-0"]
[Round "05"]
[TimeControl "180+1"]
[Date "2022.09.27"]
[WhiteClock "0:00:19"]
[BlackClock "0:00:23"]

1. d4 d5 2. Nc3 c6 3. Bf4 Bf5 4. e3 e6 5. g4 Bg6 6. h4 h5 7. g5 Bb4 8. Bd3 Ne7 9. Ne2 Nd7 10. a3 Ba5 11. Bd6 Nf5 12. Bg3 Nxg3 13. fxg3 Bxd3 14. Qxd3 g6 15. O-O-O e5 16. e4 exd4 17. Qxd4 O-O 18. exd5 c5 19. Qf4 Re8 20. d6 b5 21. Rhf1 Ne5 22. Nd5 Re6 23. Ne7+ Kh8 24. Rd5 Bc7 25. Rxe5 Bxd6 26. Qxf7 Rxe7 27. Rxe7 Qxe7 28. Qxg6 Qxe2 29. Qf6+ Kg8 30. Qf7+ Kh8 31. g6 Qe3+ 32. Kb1 Qh6 33. Rf5 Rg8 34. Rxh5 Qxh5 35. g7+ Rxg7 36. Qxh5+ Kg8 37. Qd5+ Kh7 38. Qxd6 1-0


[Site "https://www.chess.com"]

[Event "Titled Tuesday Blitz September 27 Late 2022"]
[White "Daggupati, Balaji"]
[Black "Salman, Pavel"]
[WhiteFideId "2090759"]
[BlackFideId "24153753"]
[WhiteElo "2778"]
[BlackElo "2039"]
[Result "1-0"]
[Round "05"]
[TimeControl "180+1"]
[Date "2022.09.28"]
[WhiteClock "0:00:10"]
[BlackClock "0:00:05"]

1. e4 c5 2. Nf3 e6 3. d4 cxd4 4. Nxd4 a6 5. Be2 Qc7 6. O-O Nf6 7. Nc3 b5 8. Bf3 Bb7 9. e5 Ng8 10. Bxb7 Qxb7 11. Bg5 Nc6 12. Nxc6 Qxc6 13. Qd3 Be7 14. Qg3 Bxg5 15. Qxg5 Ne7 16. Rad1 Nf5 17. Rfe1 h6 18. Qd2 Rc8 19. Ne4 O-O 20. c3 Rfd8 21. Qf4 Qc4 22. b3 Qc7 23. Rd3 b4 24. cxb4 Qc2 25. Rd2 Qc1 26. Kf1 Qc6 27. Ng3 Nxg3+ 28. Qxg3 Qb5+ 29. Qd3 Qxb4 30. h3 Rc6 31. Red1 Rdc8 32. Qxd7 Qb5+ 33. Kg1 Qxe5 34. Qd3 a5 35. Re2 Qf6 36. Red2 Qe5 37. Qf3 Rc1 38. g3 Rxd1+ 39. Rxd1 Qb2 40. Rd7 Qc1+ 41. Kg2 Rf8 42. Ra7 Qc5 43. Qb7 Qf5 44. Qf3 Qc5 45. Rb7 Qc2 46. a4 Qc5 47. Rb5 Qa7 48. Qc3 Ra8 49. Qf3 Rf8 50. h4 g6 51. Qe4 Kh7 52. h5 Qa8 53. Qxa8 Rxa8 54. hxg6+ Kxg6 55. Kf3 f5 56. Kf4 Kf6 57. Rb6 h5 58. Ke3 Rc8 59. Kd3 Rd8+ 60. Ke3 Rc8 61. Rb5 e5 62. Rxa5 Rc3+ 63. Ke2 Rxb3 64. Ra6+ Kg5 65. Ra8 Ra3 66. Kf1 e4 67. Kg2 Kf6 68. Kh3 Ra2 69. a5 Rxf2 70. a6 Ra2 71. a7 Kg7 72. Kh4 e3 73. Kg5 e2 74. Re8 Rxa7 75. Rxe2 Ra3 76. Rg2 Ra5 77. Kxh5 Kf6 78. Kh4 Ra4+ 79. Kh3 Kg5 80. Rc2 Ra3 81. Rc4 Rb3 82. Rc5 Ra3 83. Rc8 Rb3 84. Rg8+ Kf6 85. Kh4 Rb4+ 86. Kh5 Rb1 87. Rg6+ Ke5 88. Ra6 Rb5 89. Kg5 Ke4 90. Ra4+ Ke5 91. Ra3 Ke4 92. Ra4+ Ke5 93. Rf4 Ke6 94. Kg6 Rc5 95. Rf1 Ra5 96. Re1+ Kd7 97. Kg5 Kd6 98. Kf4 Kd7 99. Re5 Ra3 100. Rxf5 Ke6 101. g4 Ke7 102. Kg5 Ra6 103. Kh5 Ke6 104. Rf1 Ra2 105. g5 Ke7 106. g6 Rh2+ 107. Kg5 Ke8 108. g7 Ke7 109. Kg6 Rg2+ 110. Kh7 Rh2+ 111. Kg8 Rh3 112. Rf4 Ke6 113. Kf8 Ke5 114. Rf1 Rg3 115. g8=Q Rxg8+ 116. Kxg8 1-0


[Site "https://www.chess.com"]

[Event "Titled Tuesday Blitz September 27 Late 2022"]
[White "Djordjevic, Dejan N"]
[Black "Wagner, Dennis"]
[WhiteFideId "913316"]
[BlackFideId "24650684"]
[WhiteElo "2262"]
[BlackElo "2355"]
[Result "0-1"]
[Round "05"]
[TimeControl "180+1"]
[Date "2022.09.28"]
[WhiteClock "0:00:01"]
[BlackClock "0:00:18"]

1. e4 e5 2. Nf3 Nc6 3. Bc4 Bc5 4. c3 Nf6 5. d3 O-O 6. O-O d6 7. Re1 a5 8. a4 h6 9. Bb3 Be6 10. Bc2 d5 11. Qe2 Re8 12. Nbd2 Qd7 13. Nf1 Rad8 14. Ng3 Bb6 15. Be3 Bxe3 16. Qxe3 b6 17. Rad1 d4 18. Qe2 Qd6 19. Nh4 g6 20. Qd2 Kg7 21. Bb3 Nd7 22. Bd5 Nc5 23. Bxe6 Qxe6 24. cxd4 Nxd4 25. b4 axb4 26. Qxb4 Qf6 27. Nf3 Nxf3+ 28. gxf3 Nxd3 29. Qc3 Nxe1 30. Rxe1 c5 31. Kg2 Rd6 32. Rb1 Red8 33. Rb2 Rd3 0-1


[Site "https://www.chess.com"]

[Event "Titled Tuesday Blitz September 27 Late 2022"]
[White "Domingo Nunez, Ruben"]
[Black "Milikow, Yoav"]
[WhiteFideId "22245570"]
[BlackFideId "2822237"]
[WhiteElo "2406"]
[BlackElo "2341"]
[Result "1-0"]
[Round "05"]
[TimeControl "180+1"]
[Date "2022.09.27"]
[WhiteClock "0:00:09"]
[BlackClock "0:00:03"]

1. c4 e5 2. Nc3 Bb4 3. g3 Nf6 4. Bg2 O-O 5. Nh3 c6 6. O-O d5 7. cxd5 cxd5 8. d4 exd4 9. Qxd4 Nc6 10. Qd3 Ne5 11. Qb5 Qd6 12. Bf4 a5 13. e3 Bd7 14. Qe2 Rfe8 15. Rfd1 Bc6 16. Rac1 Rad8 17. Nb5 Qd7 18. Nd4 h6 19. Bxe5 Rxe5 20. Nf4 Bd6 21. Nd3 Ree8 22. Nc5 Qe7 23. Nf5 Qf8 24. Nxd6 Rxd6 25. Qd2 b6 26. Nb3 Ba4 27. Rc3 Red8 28. Qd4 Bd7 29. Qf4 Bg4 30. Rdc1 g5 31. Qd4 Bf5 32. Qe5 Be4 33. Rc6 Bxg2 34. Kxg2 Ne4 35. Nd4 f6 36. Qf5 Qf7 37. Rc7 R6d7 38. Ne6 Re8 39. Rxd7 Qxd7 40. Rc7 1-0


[Site "https://www.chess.com"]

[Event "Titled Tuesday Blitz September 27 Late 2022"]
[White "Ekdyshman, Mikhail"]
[Black "Pace, Christopher"]
[WhiteFideId "4149416"]
[BlackFideId "2610167"]
[WhiteElo "2146"]
[BlackElo "2328"]
[Result "1-0"]
[Round "05"]
[TimeControl "180+1"]
[Date "2022.09.28"]
[WhiteClock "0:00:05"]
[BlackClock "0:00:10"]

1. e4 e5 2. Nf3 Nc6 3. Nc3 Nf6 4. d4 exd4 5. Nxd4 Bb4 6. Nxc6 bxc6 7. Bd3 d5 8. exd5 cxd5 9. O-O O-O 10. h3 c6 11. Qf3 Be6 12. Bg5 Be7 13. Ne2 c5 14. Ng3 h6 15. Be3 d4 16. Bd2 c4 17. Bf5 Bd5 18. Qf4 Qb6 19. Rfe1 Bd6 20. Qh4 Rab8 21. Bxh6 gxh6 22. Qxf6 Bxg3 23. Qxb6 Bxf2+ 24. Kxf2 Rxb6 25. Re5 Rd8 26. b3 d3 27. cxd3 cxb3 28. axb3 Rxb3 29. g4 Rb2+ 30. Ke3 Rh2 31. g5 hxg5 32. Rxa7 Rh1 33. Kf2 Rh2+ 34. Ke3 Rh1 35. Bd7 Re1+ 36. Kd4 Rxe5 37. Kxe5 Be6 38. Bxe6 fxe6 39. d4 Rd5+ 40. Kf6 Rxd4 41. Rg7+ Kh8 42. Rxg5 Rh4 43. Rg3 Rh6+ 44. Kf7 Kh7 45. Rg7+ Kh8 46. Rg3 Kh7 47. Rf3 Kh8 48. Re3 Kh7 49. Rg3 Kh8 50. Ke7 Kh7 51. Kf8 Kh8 52. Ke7 Kh7 53. Kd6 Kh8 54. Ke5 Kh7 55. Rc3 Kg6 56. Kxe6 Kg5+ 57. Ke5 Kh4 58. Kf5 Rh5+ 59. Kf4 Ra5 60. Re3 Ra1 61. Ke4 Rh1 62. Kf4 Rxh3 63. Re7 1-0


[Site "https://www.chess.com"]

[Event "Titled Tuesday Blitz September 27 Late 2022"]
[White "Ernst, Sipke"]
[Black "Demidov, Mikhail"]
[WhiteFideId "1004689"]
[BlackFideId "4197143"]
[WhiteElo "2436"]
[BlackElo "2520"]
[Result "0-1"]
[Round "05"]
[TimeControl "180+1"]
[Date "2022.09.27"]
[WhiteClock "0:00:13"]
[BlackClock "0:00:05"]

1. d4 g6 2. e4 Bg7 3. Bc4 d5 4. exd5 Nf6 5. Nc3 O-O 6. Bg5 Nbd7 7. Bb3 Nb6 8. Bxf6 exf6 9. Nge2 Re8 10. O-O Bg4 11. h3 Bc8 12. Qd3 Bf5 13. Qd2 Qd7 14. Ng3 Bxh3 15. gxh3 Qxh3 16. Qd3 h5 17. d6 f5 18. dxc7 h4 19. Nxf5 Qxf5 20. Qxf5 gxf5 21. Nb5 Rec8 22. Rae1 Bf8 23. Kh1 a6 24. Rg1+ Kh7 25. Re5 axb5 26. Rxb5 Ra6 27. Rxf5 Rxc7 28. Bxf7 Nd7 29. Be8 Nf6 30. Bb5 Rd6 31. Bd3 Kh8 32. Rg6 Bg7 33. Rf4 Kg8 34. Rxh4 Kf8 35. Rf4 Rf7 36. Bc4 Rc7 37. Bb3 Re7 38. Kg2 Re2 39. a4 Rd2 40. d5 Kf7 41. Rg3 Kg8 42. Rc3 Nh5 43. Rc8+ Kh7 44. Rh4 Kg6 45. Rc7 Bf6 46. Rg4+ Bg5 47. Rxb7 Nf6 48. Rg3 Nxd5 49. Rd3 Nf4+ 50. Kf3 Nxd3 51. cxd3 R6xd3+ 52. Ke4 Rd4+ 53. Ke5 Bf6+ 54. Ke6 Rxf2 55. Bd5 Re2+ 56. Kd6 Red2 57. Rb5 Rxa4 58. b4 Ra6+ 59. Kc7 Be5+ 60. Kb7 Rd6 61. Bc6 Kf6 62. Ra5 Rb2 63. b5 Bd4 64. Ra8 Re6 65. Rf8+ Kg7 66. Rf4 Re7+ 67. Kb8 Be5+ 68. Ka8 Bxf4 69. b6 Rxb6 70. Bb7 Rd6 71. Bc8 Rf6 72. Bd7 Rf8+ 73. Kb7 Rxd7+ 0-1


[Site "https://www.chess.com"]

[Event "Titled Tuesday Blitz September 27 Late 2022"]
[White "Fawzy, Adham"]
[Black "Bluebaum, Matthias"]
[WhiteFideId "10613129"]
[BlackFideId "24651516"]
[WhiteElo "2541"]
[BlackElo "2633"]
[Result "0-1"]
[Round "05"]
[TimeControl "180+1"]
[Date "2022.09.27"]
[WhiteClock "0:00:22"]
[BlackClock "0:01:13"]

1. e4 e6 2. d4 d5 3. Nc3 Nf6 4. exd5 exd5 5. Bd3 c5 6. dxc5 Bxc5 7. Nf3 O-O 8. O-O h6 9. Bf4 Nc6 10. h3 Be6 11. Ne5 Bd6 12. Re1 Re8 13. Qf3 Qb8 14. Nxc6 bxc6 15. Bxh6 Qxb2 16. Rab1 Qa3 17. Bg5 Nd7 18. Qh5 Nf8 19. Bd2 Rab8 20. Rb3 Rxb3 21. axb3 Bb4 22. Qg5 Qa5 23. Ne4 dxe4 24. Qxa5 Bxa5 25. Bxa5 exd3 26. c4 Rb8 0-1


[Site "https://www.chess.com"]

[Event "Titled Tuesday Blitz September 27 Late 2022"]
[White "Gabrielian, Artur"]
[Black "Svane, Rasmus"]
[WhiteFideId "4131002"]
[BlackFideId "4657101"]
[WhiteElo "2467"]
[BlackElo "2674"]
[Result "1-0"]
[Round "05"]
[TimeControl "180+1"]
[Date "2022.09.27"]
[WhiteClock "0:01:02"]
[BlackClock "0:00:05"]

1. e4 c6 2. d4 d5 3. e5 Bf5 4. h4 h5 5. Bd3 Bxd3 6. Qxd3 Qa5+ 7. Nd2 e6 8. Nf3 Nh6 9. O-O Nf5 10. a4 Be7 11. Nb3 Qa6 12. Qd1 Nd7 13. g3 c5 14. Bg5 Bxg5 15. Nxg5 c4 16. Nc1 Qb6 17. Ne2 Qxb2 18. Rb1 Qa3 19. Rxb7 Qxa4 20. Nf4 Qc6 21. Rb1 g6 22. c3 a5 23. Qf3 a4 24. Rb4 a3 25. Ra1 Ke7 26. Ngxe6 fxe6 27. Nxg6+ Kf7 28. Nxh8+ Rxh8 29. Rxa3 Qc7 30. Ra6 Nf8 31. Rab6 Kg8 32. Rb7 Qd8 33. Rb8 Qa5 34. Qf4 Rh7 35. Qg5+ Rg7 36. Rxf8+ Kxf8 37. Rb8+ Kf7 38. Qf6# 1-0


[Site "https://www.chess.com"]

[Event "Titled Tuesday Blitz September 27 Late 2022"]
[White "Gascon Del Nogal, Jose Rafael"]
[Black "Richter, Paul"]
[WhiteFideId "3902463"]
[BlackFideId "2046350"]
[WhiteElo "2473"]
[BlackElo "2526"]
[Result "0-1"]
[Round "05"]
[TimeControl "180+1"]
[Date "2022.09.28"]
[WhiteClock "0:00:03"]
[BlackClock "0:00:04"]

1. Nf3 Nf6 2. c4 g6 3. Nc3 Bg7 4. e4 d6 5. d4 O-O 6. Be3 Na6 7. Qc2 e5 8. dxe5 dxe5 9. Rd1 Qe8 10. a3 c6 11. b4 Ng4 12. Bg5 f6 13. Bc1 Nc7 14. h3 Nh6 15. c5 a6 16. Be2 Nf7 17. O-O Nb5 18. Na4 Be6 19. Nb6 Rd8 20. Bb2 Qe7 21. a4 Nc7 22. Nd2 Na8 23. Nbc4 Nc7 24. Nb3 Rxd1 25. Rxd1 Rd8 26. Nba5 Rxd1+ 27. Qxd1 Nd8 28. Nd6 Ne8 29. Ndc4 Bf8 30. h4 Qd7 31. Qc2 h5 32. g3 Be7 33. Kg2 Nf7 34. Nb6 Qc7 35. Bc1 Bd8 36. Be3 Qe7 37. Nac4 Qc7 38. a5 Be7 39. f4 exf4 40. gxf4 f5 41. exf5 Bxf5 42. Bd3 Ng7 43. Kg3 Bxd3 44. Qxd3 Nf5+ 45. Kh3 Nxh4 46. Nd7 Nf5 47. Nce5 Nxe5 48. Nxe5 Kh7 49. Qc4 Bf6 50. Bd4 Bxe5 51. Bxe5 Qe7 52. Kg2 Qd7 53. Qe2 Qd5+ 54. Kf2 h4 55. Qg4 Qa2+ 56. Kf3 Qb3+ 57. Ke2 Qc2+ 58. Ke1 Qc1+ 59. Qd1 Qxd1+ 60. Kxd1 h3 61. b5 h2 0-1


[Site "https://www.chess.com"]

[Event "Titled Tuesday Blitz September 27 Late 2022"]
[White "Gheorghiu, Calin"]
[Black "Pinero Rodriguez, Carlos Jose"]
[WhiteFideId "1200305"]
[BlackFideId "3901726"]
[WhiteElo "2168"]
[BlackElo "2053"]
[Result "1/2-1/2"]
[Round "05"]
[TimeControl "180+1"]
[Date "2022.09.28"]
[WhiteClock "0:00:04"]
[BlackClock "0:00:08"]

1. d4 Nf6 2. Bf4 e6 3. Nf3 b6 4. Nbd2 Bb7 5. h3 g6 6. e3 Bg7 7. Bd3 O-O 8. O-O d6 9. c4 Nbd7 10. Bh2 Qe7 11. b4 c5 12. bxc5 dxc5 13. Qb3 Rfd8 14. Rfd1 Rac8 15. a4 cxd4 16. exd4 Ne8 17. a5 e5 18. axb6 axb6 19. Ra7 Nd6 20. Re1 Ra8 21. Rxa8 Bxa8 22. dxe5 Nb7 23. e6 fxe6 24. Qb1 Nbc5 25. Bc2 Rf8 26. Ne4 e5 27. Nxc5 Qxc5 28. Be4 Qxc4 29. Bxa8 Rxa8 30. Nxe5 Nxe5 31. Bxe5 Re8 32. Bxg7 Rxe1+ 33. Qxe1 Kxg7 34. Qe5+ Kf7 35. Qh8 Qc1+ 36. Kh2 Qc7+ 37. g3 Ke6 38. Qg8+ Kd6 39. h4 b5 40. Qf8+ Kc6 41. Qe8+ Kb6 42. Kh3 b4 43. Qe3+ Kb5 44. Qd3+ Qc4 45. Qd7+ Qc6 46. Qd3+ Ka4 47. f4 b3 48. Qd4+ Ka3 49. Qa1+ Kb4 50. Qd4+ Qc4 51. Qd2+ Ka3 52. Qa5+ Kb2 53. Qd2+ Qc2 54. Qd4+ Qc3 55. Qf2+ Kb1 56. Qg1+ Ka2 57. Qa7+ Kb1 58. Qg1+ Kc2 59. Qf2+ Qd2 60. Qc5+ Kd1 61. Qg1+ Kc2 62. Qc5+ Kb1 63. f5 gxf5 64. Qxf5+ Qc2 65. Qf1+ Ka2 66. Qa6+ Kb2 67. Qf6+ Kb1 68. Qf1+ Qc1 69. Qf5+ Qc2 70. Qf1+ 1/2-1/2


[Site "https://www.chess.com"]

[Event "Titled Tuesday Blitz September 27 Late 2022"]
[White "Gorshtein, Ido"]
[Black "Kollars, Dmitrij"]
[WhiteFideId "2815532"]
[BlackFideId "12909572"]
[WhiteElo "2411"]
[BlackElo "2584"]
[Result "0-1"]
[Round "05"]
[TimeControl "180+1"]
[Date "2022.09.27"]
[WhiteClock "0:01:39"]
[BlackClock "0:01:05"]

1. Nf3 d5 2. g3 g6 3. Bg2 Bg7 4. O-O e5 5. d3 Nc6 6. Nbd2 Nge7 7. e4 O-O 8. Re1 a5 9. a4 Re8 10. c3 h6 11. Qc2 Be6 12. Nf1 Qd7 13. Be3 Rad8 14. Rad1 d4 15. Bc1 Nc8 16. b3 b6 17. cxd4 Nb4 18. Qb1 exd4 19. N1d2 Nd6 20. Bb2 Nb7 21. Rc1 Nc5 22. Bf1 Nxb3 23. Nxb3 Bxb3 24. e5 c5 0-1


[Site "https://www.chess.com"]

[Event "Titled Tuesday Blitz September 27 Late 2022"]
[White "Gunduz, Umut Erdem"]
[Black "Urazayev, Arystanbek"]
[WhiteFideId "6381383"]
[BlackFideId "13709810"]
[WhiteElo "2029"]
[BlackElo "2441"]
[Result "1-0"]
[Round "05"]
[TimeControl "180+1"]
[Date "2022.09.28"]
[WhiteClock "0:00:06"]
[BlackClock "0:00:00"]

1. e4 c5 2. Nf3 d6 3. d4 cxd4 4. Nxd4 Nf6 5. Nc3 Nc6 6. Bg5 e6 7. Qd2 a6 8. O-O-O Bd7 9. f4 Be7 10. Nf3 b5 11. e5 b4 12. exd6 bxc3 13. Qxc3 Bf8 14. Bc4 Ne4 15. Qe3 Nxg5 16. Nxg5 h6 17. Nxf7 Kxf7 18. f5 Qg5 19. fxe6+ Bxe6 20. Bxe6+ Ke8 21. Qxg5 hxg5 22. Rhf1 Rh6 23. Rde1 Rf6 24. Bc8+ Kd8 25. Rxf6 gxf6 26. Bb7 Ra7 27. Bxc6 Bxd6 28. h3 Be5 29. c3 a5 30. a4 Ke7 31. Be4 Ke6 32. g4 Rc7 33. Kc2 Rc4 34. Bf5+ Ke7 35. Re4 Rc7 36. Re2 Rc4 37. Re4 1-0


[Site "https://www.chess.com"]

[Event "Titled Tuesday Blitz September 27 Late 2022"]
[White "Haitin, Ilja"]
[Black "Rose, Felix"]
[WhiteFideId "4501764"]
[BlackFideId "5105722"]
[WhiteElo "2243"]
[BlackElo "2039"]
[Result "1-0"]
[Round "05"]
[TimeControl "180+1"]
[Date "2022.09.28"]
[WhiteClock "0:00:07"]
[BlackClock "0:00:35"]

1. e4 c5 2. Nf3 e6 3. b3 Nf6 4. e5 Nd5 5. g3 Nc6 6. Bb2 Be7 7. Bg2 O-O 8. O-O d6 9. exd6 Qxd6 10. Nc3 Nxc3 11. Bxc3 b6 12. Qe2 Bb7 13. Rad1 Rad8 14. Rfe1 Qc7 15. Qe3 Rd7 16. d3 Rfd8 17. Qc1 Nd4 18. Bxd4 cxd4 19. Ne5 Rd6 20. Bxb7 Qxb7 21. Qf4 Bf6 22. Ng4 Be7 23. h4 Rd5 24. Re2 Rc8 25. a4 Qc7 26. Qf3 Rc5 27. Rdd2 Qc6 28. Qxc6 R8xc6 29. Ne5 Rc7 30. Nc4 R7c6 31. f4 a6 32. Kg2 b5 33. axb5 axb5 34. Ne5 Rc7 35. Nf3 Bf6 36. g4 g6 37. Kg3 h5 38. g5 Bg7 39. Rf2 Kf8 40. Rde2 Ke7 41. Ne1 Kd7 42. Nf3 Kc8 43. Ne5 Bxe5 44. fxe5 Kd8 45. Kf4 Ke7 46. Ke4 Rd5 47. Rf3 Rcc5 48. Kf4 Ke8 49. Rff2 Rd8 50. Rf1 Rdc8 51. Rff2 R8c7 52. Ke4 Rd7 53. Rg2 Rdd5 54. Kf4 Rd8 55. Rg1 Rdc8 56. Rgg2 R8c7 57. Rh2 Rd7 58. Rh1 Rdc7 59. Rhh2 R7c6 60. Ke4 Rd5 61. Rh1 Rcc5 62. Kf4 Rd8 63. Ra1 Rdc8 64. Ra2 Kf8 65. Ke4 Rd5 66. b4 Rd7 67. Ra5 Rdc7 68. Rxb5 Rxc2 69. Rxc2 Rxc2 70. Kxd4 Rh2 71. Rb8+ Kg7 72. b5 Rxh4+ 73. Kc5 Rh1 74. b6 h4 75. b7 Rb1 76. Kc6 h3 77. Ra8 Rc1+ 78. Kd6 Rb1 79. b8=Q Rxb8 80. Rxb8 h2 81. Rb1 f5 82. Rh1 Kf7 83. Rxh2 Kg7 84. Rf2 Kf8 85. Rf3 Kf7 86. Rf4 Kg7 87. Kxe6 Kh7 88. Kf6 Kh8 89. Kxg6 Kg8 90. Kxf5 Kf8 91. d4 Ke7 92. d5 Kd7 93. Rc4 Kd8 94. Ke6 1-0


[Site "https://www.chess.com"]

[Event "Titled Tuesday Blitz September 27 Late 2022"]
[White "Hambleton, Aman"]
[Black "Mihajlov, Sebastian"]
[WhiteFideId "2606577"]
[BlackFideId "1512110"]
[WhiteElo "2538"]
[BlackElo "2464"]
[Result "1-0"]
[Round "05"]
[TimeControl "180+1"]
[Date "2022.09.28"]
[WhiteClock "0:00:05"]
[BlackClock "0:00:04"]

1. d4 h6 2. e4 a6 3. c4 c5 4. d5 e6 5. Nc3 d6 6. a4 Nf6 7. Bd3 g6 8. h3 Bg7 9. Nf3 O-O 10. O-O exd5 11. exd5 Nbd7 12. Bf4 Qc7 13. Re1 Nh5 14. Bh2 b6 15. Ne4 Ne5 16. Nxd6 Nxd3 17. Qxd3 Bxb2 18. Rab1 Bh8 19. Nxc8 Qxc8 20. Rxb6 Qd7 21. g4 Ng7 22. a5 h5 23. Ne5 Qa4 24. Nc6 hxg4 25. hxg4 Rfe8 26. Reb1 Rac8 27. Kg2 Rf8 28. Ne7+ Kh7 29. Qh3+ Nh5 30. Nxc8 Rxc8 31. gxh5 Re8 32. hxg6+ 1-0


[Site "https://www.chess.com"]

[Event "Titled Tuesday Blitz September 27 Late 2022"]
[White "Harvey, Marcus R"]
[Black "Wadsworth, Matthew J"]
[WhiteFideId "400092"]
[BlackFideId "415804"]
[WhiteElo "2485"]
[BlackElo "2294"]
[Result "0-1"]
[Round "05"]
[TimeControl "180+1"]
[Date "2022.09.28"]
[WhiteClock "0:00:02"]
[BlackClock "0:00:26"]

1. d4 d5 2. Nf3 Nf6 3. Bf4 c5 4. c3 Qb6 5. Qb3 c4 6. Qxb6 axb6 7. Nbd2 b5 8. a3 Nc6 9. Rc1 Bf5 10. h3 h6 11. g4 Bh7 12. Bg2 e6 13. O-O Nd7 14. Rfe1 Nb6 15. e4 dxe4 16. Nxe4 Na4 17. Rc2 Be7 18. Rd2 O-O 19. Nd6 Bxd6 20. Bxd6 Rfd8 21. Bf4 Na5 22. Bc7 Nb3 23. Bxd8 Nxd2 24. Nxd2 Rxd8 25. Bxb7 Nxb2 26. Bc6 Rb8 27. Re5 Nd1 28. Rxb5 Rc8 29. Bb7 Rc7 30. Bf3 Bc2 31. Bxd1 Bxd1 32. Rc5 Ra7 33. Nxc4 Be2 34. Kg2 Ra4 0-1


[Site "https://www.chess.com"]

[Event "Titled Tuesday Blitz September 27 Late 2022"]
[White "Ibarra Jerez, Jose Carlos"]
[Black "Siddharth, Jagadeesh"]
[WhiteFideId "2226332"]
[BlackFideId "5818320"]
[WhiteElo "2627"]
[BlackElo "2165"]
[Result "0-1"]
[Round "05"]
[TimeControl "180+1"]
[Date "2022.09.27"]
[WhiteClock "0:00:02"]
[BlackClock "0:00:15"]

1. Nf3 d5 2. g3 c5 3. Bg2 Nf6 4. O-O e6 5. d4 cxd4 6. Nxd4 e5 7. Nb3 h6 8. c4 Be6 9. Nc3 d4 10. Bxb7 Nbd7 11. Bxa8 Qxa8 12. Nb5 Qb7 13. Na5 Qb6 14. Bd2 a6 15. a4 axb5 16. axb5 Bd6 17. b4 O-O 18. c5 Nxc5 19. bxc5 Bxc5 20. Qa4 Ne4 21. Bb4 Bh3 22. Nc4 Qb7 23. Qa6 Qd5 24. f3 Bxb4 25. Nb6 Qc5 26. Nd7 Qc2 27. Qa2 Qxa2 28. Rxa2 Rd8 29. Nxe5 Bxf1 30. fxe4 Bxe2 31. Rxe2 d3 32. Nxd3 Rxd3 33. b6 Rb3 34. Rc2 Ba5 35. Rc8+ Kh7 36. Kg2 Bxb6 37. Rc6 f6 38. h4 Bd4 39. h5 Be5 40. g4 Rg3+ 41. Kh2 Rxg4+ 42. Kh3 Rxe4 43. Rc2 Rd4 44. Rg2 Rd3+ 45. Kh4 Rd1 46. Kg4 Rd3 47. Kf5 Rg3 48. Re2 Rg5+ 49. Ke6 Rxh5 50. Kf7 Rg5 51. Ke6 h5 52. Re4 Rg4 53. Re3 h4 54. Kf7 Rg3 55. Re4 g5 56. Rc4 Kh6 57. Rc8 Kh5 58. Ke6 h3 59. Kf5 Rf3+ 60. Ke4 Kg4 61. Rh8 h2 62. Kd5 Rh3 0-1


[Site "https://www.chess.com"]

[Event "Titled Tuesday Blitz September 27 Late 2022"]
[White "Janaszak, Dawid"]
[Black "Gines Esteo, Pedro Antonio"]
[WhiteFideId "1119206"]
[BlackFideId "32080190"]
[WhiteElo "2165"]
[BlackElo "2293"]
[Result "0-1"]
[Round "05"]
[TimeControl "180+1"]
[Date "2022.09.28"]
[WhiteClock "0:00:03"]
[BlackClock "0:00:09"]

1. d4 Nf6 2. Bf4 d6 3. Nf3 g6 4. c3 Bg7 5. Nbd2 O-O 6. e4 Nbd7 7. h3 Nh5 8. Be3 e5 9. dxe5 dxe5 10. Bc4 Nf4 11. O-O Qf6 12. Re1 Re8 13. a4 a5 14. Bf1 Nf8 15. Qb3 b6 16. Qc2 g5 17. Nh2 h5 18. Bb5 c6 19. Bc4 N8g6 20. Ndf1 Nh4 21. Bxf4 gxf4 22. f3 Bf8 23. Kh1 Kh8 24. Rad1 Bc5 25. Re2 Rg8 26. b4 axb4 27. cxb4 Bxb4 28. Qb3 Bc5 29. Bxf7 Rxg2 30. Rxg2 Nxg2 31. Kxg2 Qg5+ 32. Ng4 hxg4 33. hxg4 Bxg4 34. fxg4 Qxg4+ 35. Ng3 fxg3 36. Qe6 Qxe6 37. Bxe6 Rxa4 38. Bf5 Ra3 39. Rd7 Bd4 40. Rc7 c5 41. Kh3 b5 42. Rb7 b4 43. Be6 Re3 44. Bd5 Rf3 45. Kg2 Rc3 46. Kh3 Bf2 47. Kg2 Rc1 48. Kh3 Rh1+ 49. Kg2 Rh2+ 50. Kf3 Be1 51. Rb8+ Kg7 52. Rg8+ Kf6 53. Rf8+ Ke7 54. Rf7+ Kd6 55. Rg7 Rf2+ 56. Ke3 Rf6 57. Ke2 Bf2 58. Rg8 c4 59. Rc8 c3 60. Rc4 Be3 61. Rc6+ Ke7 62. Rc7+ Kd8 63. Rg7 Bf4 64. Kd3 Rb6 65. Bb3 Rc6 66. Kc2 Rd6 67. Bd5 Rd7 68. Rg8+ Kc7 69. Rg6 Rd6 70. Rg7+ Kb6 71. Rg8 Kc5 72. Rc8+ Kd4 73. Rg8 Ke3 74. Kb3 Kf2 75. Rc8 g2 0-1


[Site "https://www.chess.com"]

[Event "Titled Tuesday Blitz September 27 Late 2022"]
[White "Jobava, Baadur"]
[Black "Carlsen, Magnus"]
[WhiteFideId "13601520"]
[BlackFideId "1503014"]
[WhiteElo "2582"]
[BlackElo "2830"]
[Result "1/2-1/2"]
[Round "05"]
[TimeControl "180+1"]
[Date "2022.09.27"]
[WhiteClock "0:00:16"]
[BlackClock "0:00:06"]

1. e4 c5 2. c3 d5 3. exd5 Nf6 4. d4 cxd4 5. Nf3 Nxd5 6. cxd4 Nc6 7. Nc3 a6 8. h3 g6 9. Bc4 Be6 10. Bb3 Bg7 11. O-O O-O 12. Re1 Nxc3 13. bxc3 Bd5 14. Bg5 Re8 15. Qd2 Bxf3 16. gxf3 Qd7 17. Kg2 Rac8 18. Re4 e6 19. Rae1 Ne7 20. Rxe6 Nf5 21. Rxe8+ Rxe8 22. Rxe8+ Qxe8 23. Bc2 Qd7 24. Bxf5 Qxf5 25. Qe3 Qe6 26. c4 h6 27. Qxe6 fxe6 28. Be3 b5 29. cxb5 axb5 30. Kf1 Kf7 31. Ke2 Ke7 32. Kd3 Kd6 33. Ke4 Kc6 34. Bd2 h5 35. Bb4 Bf6 36. Bf8 Bh8 37. Be7 Bg7 38. Bg5 Kd6 39. Bf4+ Kc6 40. Be5 Bf8 41. Bf6 Bd6 42. Bg5 Bc7 43. Be3 Bd6 44. Bf4 Bf8 45. Bg3 Bg7 46. Bh4 Kd6 47. Bg5 Kc6 48. Be7 Kd7 49. Bg5 Kc6 50. Be3 Kd6 51. Bd2 Kc6 52. Bc1 Kd6 53. Be3 Kc6 54. Bg5 Kd6 55. Bd8 Kc6 56. Kf4 Kd7 57. Bh4 Ke8 58. Ke4 Kd7 59. d5 Bc3 60. Bg3 Bf6 61. Bf4 Bh4 62. Be3 Kd6 63. Bf4+ Kd7 64. Ke5 exd5 65. Kxd5 Bxf2 66. Be5 Ba7 67. Bc3 Bb6 68. Ke5 Bd8 69. Kd5 Be7 70. Bd4 Bd6 71. Be3 Bf8 72. Bg5 Bd6 73. Bd2 Bf8 74. Be3 Bd6 75. Bc5 Bg3 76. Bb4 Bf2 77. Ke5 Bh4 78. Bc5 Bd8 79. Be3 Be7 80. Kd5 Bd6 81. Bc5 Bf4 82. Bd4 Bd6 83. Be5 Be7 84. Bc3 Bd6 85. Bd2 Bf8 86. Ke5 Bg7+ 87. Kd5 Bf8 1/2-1/2


[Site "https://www.chess.com"]